 Dungeon Crawl Stone Soup version 0.17.2-1-ge4368a0 (console) character file.

7392 CALLOUS the Ogre Mage (level 11, -2/115 HPs)
             Began as an Ogre Fire Elementalist on Aug 6, 2019.
             Was an Initiate of Ru.
             Slain by a wraith (3 damage)
             ... on level 9 of the Dungeon on Aug 7, 2019.
             The game lasted 05:53:47 (20335 turns).

CALLOUS the Ogre Mage (Ogre Fire Elementalist)     Turns: 20335, Time: 05:53:47

Health: -2/115     AC:  5    Str: 22    XL:     11   Next: 14%
Magic:  32/35      EV: 12    Int: 14    God:    Ru [......]
Gold:   112        SH:  0    Dex: 10    Spells: 4 memorised, 25 levels left

rFire  . . .     SeeInvis .     L - staff of wizardry
rCold  . . .     Clarity  .     Z - +1 robe of Cevag Heh {MP+9}
rNeg   . . .     SustAt   .     (no shield)
rPois  .         Gourm    .     (helmet restricted)
rElec  .         Spirit   .     P - +0 cloak
rCorr  .         Warding  .     (gloves unavailable)
rMut   .         Stasis   .     (boots unavailable)
MR     +....                    (no amulet)
Stlth  +.........               (no ring)
                                s - +5 ring of slaying

@: lethally poisoned (-2 -> -3), weakened, hasted and slowed, somewhat resistant
to hostile enchantments, very unstealthy
A: unfitting armour, spit poison 1, strong 2, tough skin 1, evolution 1
a: Spit Poison, Renounce Religion


You were on level 9 of the Dungeon.
You worshipped Ru.
Ru was noncommittal.
You were not hungry.

You visited 2 branches of the dungeon, and saw 11 of its levels.

You collected 479 gold pieces.
You spent 367 gold pieces at shops.

Inventory:

Hand Weapons
 a - a +1 dagger of electrocution
 b - a +3 spear
 r - a +1 dagger of holy wrath
 u - a +1 long sword of freezing
 v - a +0 hunting sling
 w - a cursed +1 falchion
 G - a +1 spear of freezing
 J - a +0 shortbow
 M - a +0 giant spiked club
 O - a +1 halberd
 W - a +3 great sword
 Y - a +7 antimagic falchion
Missiles
 e - 47 sling bullets
 g - a javelin (quivered)
 h - 205 stones
 k - 19 poisoned arrows
 o - 8 tomahawks
 B - 8 arrows of flame
 F - 88 arrows
 X - 6 exploding tomahawks
Armour
 P - a +0 cloak (worn)
 Z - the +1 robe of Cevag Heh (worn) {MP+9}
   (You took it off an orc wizard on level 8 of the Dungeon)

   It affects your magic capacity (+9).
Magical Staves
 L - an uncursed staff of wizardry (weapon)
Jewellery
 d - an uncursed ring of sustain attributes
 f - an uncursed ring of sustain attributes
 i - an uncursed ring of invisibility
 s - a +5 ring of slaying (left hand)
 H - an uncursed ring of protection from fire
 I - an uncursed ring of ice
 N - an uncursed ring of protection from magic
 Q - an uncursed amulet of regeneration {unknown}
 T - the cursed ring "Qiusekk" {rN+ MP+9 Dex-3 SInv}
   (You bought it in a shop on level 5 of the Dungeon)

   [ring of dexterity]

   It affects your dexterity (-3).
   It protects you from negative energy.
   It affects your magic capacity (+9).
   It lets you see invisible.
   It has a curse placed upon it.
Wands
 l - a wand of disintegration (13)
 n - a wand of slowing (8)
 p - a wand of polymorph (9)
 t - a wand of heal wounds (5)
 x - a wand of lightning (7)
 z - a wand of confusion (3)
 V - a wand of magic darts (19)
Scrolls
 j - 10 scrolls of remove curse
 q - 6 scrolls of immolation {unknown}
 y - 6 scrolls of identify
 D - 6 scrolls of magic mapping
 K - 7 scrolls of random uselessness {unknown}
Potions
 m - a potion of invisibility
 C - 2 potions of lignification
 E - a potion of flight
 R - a potion of heal wounds
Comestibles
 c - 2 bread rations
 A - 4 chunks of flesh
 U - 2 beef jerkies


   Skills:
 * Level 9.4 Fighting
 * Level 7.8 Maces & Flails
 + Level 2.4 Throwing
 + Level 7.3 Dodging
 - Level 2.1 Stealth
 * Level 11.8 Spellcasting
 - Level 2.0 Conjurations
 - Level 2.1 Fire Magic


You had 25 spell levels left.
You knew the following spells:

 Your Spells              Type           Power        Failure   Level  Hunger
a - Flame Tongue          Conj/Fire      ##...        1%          1    None
b - Conjure Flame         Conj/Fire      ##......     4%          3    None
c - Throw Flame           Conj/Fire      ##....       2%          2    None
d - Call Imp              Summ           #.......     7%          2    None


Dungeon Overview and Level Annotations

Branches:
Dungeon (10/15)            Temple (1/1) D:4
   Lair: D:8-11         Orc: D:9-12

Altars:
Ashenzari
Cheibriados
Dithmenos
Elyvilon
Fedhas
Gozag
Kikubaaqudgha
Makhleb
Nemelex Xobeh
Okawaru
Qazlal
Ru
Sif Muna
Trog
Vehumet
Xom
Yredelemnul
Zin
The Shining One

Shops:
D:5 =?*((

Annotations:
D:1 1 exclusion
D:3 2 exclusions
D:5 1 exclusion
D:6 exclusion: sky beast
D:9 10mEDrunedcloak, Maurice
D:10 11hgEDgiantclub11eEDscimitarofflamingrobe, exclusion: hill giant, Erica


Innate Abilities, Weirdness & Mutations

You are too large for most types of armour.
You have tough skin (AC +1).
You can spit weak poison.
Your muscles are very strong. (Str +4)
You evolve.


Message History

Aim: a wraith (moderately damaged, chance to defeat MR: 30%)
Okay, then.
Zapping:
n - a wand of slowing (will waste charges)
Press: ? - help, Shift-Dir - straight line, f - wraith
Aim: a wraith (moderately damaged, chance to defeat MR: 19%)
Okay, then.
Press: ? - help, v - describe, . - travel
Here: a wraith (moderately damaged)
The floor.
Press: ? - help, v - describe, . - travel
Here: a wraith (moderately damaged)
The floor.
Drink which item? (? for menu, Esc to quit)
You feel yourself speed up.
Your crimson imp hits the wraith but does no damage.
The wraith hits you!
* * * LOW HITPOINT WARNING * * *
The wraith drains your vigour!
You feel as though you will be slow longer.
You die...

......#...####'#.....#
......######...#.....#
...........#...#.....#
...........#...#.#...#
...........#...#.....#
...........#...#.....#
##'###.....#...#.....#
.....#.#...#...#.....#
.....#.....§####.###.#
#....####.§§## #)# #)#
#....###§.§§§###@###.#
#....##§.§.§§§##W....#
######§§§..§§§.#55...#
.......§§....§§5.#...#
.........§§......#...#
.................#...#
.....#§.§§..§§§#.#...#
.....##.§§..§§##.....#
####.###...§§#########
#.####...## #........#


You could see a wraith, 2 friendly crimson imps and a friendly white imp.

Vanquished Creatures
  A kobold demonologist (D:9)
  3 yaks (D:8)
  A deep elf mage (D:8)
  Eustachio (D:6)
  A trapdoor spider (shapeshifter) (D:9)
  2 hungry ghosts
  A hippogriff (D:9)
  A spider (D:9)
  Duvessa (D:6)
  A soldier ant (D:9)
  2 orc warriors
  A wasp (D:9)
  4 ice beasts
  A phantom (D:8)
  5 ogres
  3 centaurs
  8 giant frogs
  A big kobold (D:8)
  A brain worm (D:9)
  A gnoll sergeant (D:3)
  Dowan (D:6)
  A wyvern zombie (D:7)
  11 wights
  10 killer bees (D:7)
  2 scorpions
  2 centaur zombies
  7 crimson imps
  5 gnoll shamans (D:3)
  A quasit (D:8)
  A centaur skeleton (D:8)
  6 orc priests
  A wasp zombie (D:8)
  4 hounds
  3 iguanas
  7 orc wizards
  A giant frog skeleton (D:9)
  4 worker ants
  A killer bee zombie (D:9)
  2 hound zombies (D:8)
  2 hound skeletons
  Robin (D:3)
  17 adders
  34 gnolls
  2 shadow imps
  An ooze (D:6)
  3 adder zombies
  3 worms
  44 orcs
  2 ball pythons
  9 bats
  4 giant cockroaches
  20 goblins
  12 hobgoblins
  21 jackals (D:3)
  14 kobolds
  5 quokkas
  5 giant geckos
  3 giant newts (D:1)
  A jackal skeleton (D:8)
  A quokka skeleton (D:5)
  6 rats
320 creatures vanquished.

Vanquished Creatures (others)
  An ogre (D:6)
  7 plants
8 creatures vanquished.

Grand Total: 328 creatures vanquished

Notes
Turn   | Place    | Note
--------------------------------------------------------------
     0 | D:1      | CALLOUS the Ogre Fire Elementalist began the quest for the Orb.
     0 | D:1      | Reached XP level 1. HP: 16/16 MP: 3/3
   320 | D:1      | Reached XP level 2. HP: 24/26 MP: 1/5
   329 | D:1      | Reached skill level 1 in Fighting
  1464 | D:2      | Reached skill level 3 in Spellcasting
  1464 | D:2      | Reached XP level 3. HP: 33/33 MP: 0/7
  1476 | D:1      | Learned a level 3 spell: Conjure Flame
  1479 | D:1      | Learned a level 2 spell: Throw Flame
  1828 | D:3      | Noticed Robin
  2380 | D:3      | Reached skill level 1 in Maces & Flails
  2399 | D:2      | Reached XP level 4. HP: 38/42 MP: 6/8
  3135 | D:3      | Reached skill level 1 in Throwing
  3170 | D:3      | Killed Robin
  3208 | D:3      | Reached skill level 1 in Conjurations
  3208 | D:3      | Reached XP level 5. HP: 46/50 MP: 4/10
  3348 | D:3      | Noticed an ice beast
  4223 | D:3      | Reached skill level 4 in Spellcasting
  4328 | D:3      | Reached XP level 6. HP: 36/59 MP: 9/12
  5291 | D:3      | Killed an ice beast
  5291 | D:3      | Reached XP level 7. HP: 67/67 MP: 10/14
  5344 | D:3      | Reached skill level 5 in Spellcasting
  5677 | D:3      | Noticed a gnoll sergeant
  5689 | D:3      | Killed a gnoll sergeant
  6295 | D:3      | Noticed a giant frog
  6300 | D:3      | Killed a giant frog
  6775 | D:3      | Reached XP level 8. HP: 79/79 MP: 10/16
  6998 | D:4      | Reached skill level 6 in Spellcasting
  7082 | D:4      | Found a staircase to the Ecumenical Temple.
  7094 | Temple   | Entered the Ecumenical Temple
  7588 | D:4      | Found a sacrificial altar of Ru.
  7591 | D:4      | Became a worshipper of Ru the Awakened
  8354 | D:5      | Entered Level 5 of the Dungeon
  8376 | D:5      | Found Vazarusm's General Store.
  8386 | D:5      | Bought a scroll of remove curse for 39 gold pieces
  8558 | D:5      | Found Urowk's Weapon Emporium.
  8575 | D:5      | Found Faixuosu's Weapon Boutique.
  8734 | D:5      | Found Lotimes's Magic Scroll Boutique.
  8748 | D:5      | Bought a scroll of magic mapping for 52 gold pieces
  8970 | D:5      | Reached skill level 7 in Spellcasting
  9124 | D:5      | Reached skill level 5 in Fighting
  9252 | D:5      | Found Ciekk's Jewellery Shop.
  9259 | D:5      | Bought the cursed ring "Qiusekk" {rN+ MP+9 Dex-3 SInv} for 142 gold pieces
  9345 | D:5      | Found a stormy altar of Qazlal.
  9345 | D:5      | Found a glowing golden altar of the Shining One.
  9515 | D:6      | Noticed Eustachio
  9922 | D:6      | Killed Eustachio
 10254 | D:4      | Fell from the grace of Ru
 10255 | D:4      | Became a worshipper of Ru the Awakened
 10317 | D:6      | Found a burning altar of Makhleb.
 10570 | D:6      | Reached skill level 8 in Spellcasting
 10570 | D:6      | Reached XP level 9. HP: 35/89 MP: 5/21
 10939 | D:6      | Found an opulent altar of Gozag.
 11037 | D:6      | Reached skill level 5 in Maces & Flails
 11773 | D:6      | Noticed Duvessa
 11774 | D:6      | Noticed Dowan
 11784 | D:6      | Killed Duvessa
 11784 | D:6      | Reached skill level 5 in Dodging
 11792 | D:6      | Killed Dowan
 14015 | D:8      | Reached skill level 9 in Spellcasting
 14683 | D:8      | Got a sheer robe
 14742 | D:8      | Reached XP level 10. HP: 78/104 MP: 17/23
 14963 | D:5      | Bought a scroll of identify for 30 gold pieces
 14963 | D:5      | Identified the +1 robe of Cevag Heh {MP+9} (You took it off an orc wizard on level 8 of the Dungeon)
 15006 | D:4      | Fell from the grace of Ru
 15007 | D:4      | Became a worshipper of Ru the Awakened
 15841 | D:9      | Reached skill level 10 in Spellcasting
 15925 | D:5      | Bought a potion of invisibility for 104 gold pieces
 15933 | D:5      | Gained mutation: You evolve. [potion of mutation]
 15933 | D:5      | Gained mutation: Your muscles are strong. (Str +2) [potion of mutation]
 15933 | D:5      | Gained mutation: Your muscles are very strong. (Str +4) [potion of mutation]
 16655 | D:5      | Gained mutation: You can spit weak poison. [evolution]
 16989 | D:7      | Found a shimmering altar of Xom.
 18041 | D:9      | Noticed Maurice
 18391 | D:9      | Reached skill level 11 in Spellcasting
 18961 | D:9      | Found a shadowy altar of Dithmenos.
 19438 | D:10     | Entered Level 10 of the Dungeon
 19567 | D:10     | Reached XP level 11. HP: 96/115 MP: 26/26
 19682 | D:10     | Learned a level 2 spell: Call Imp
 19780 | D:10     | Noticed a hill giant
 19914 | D:10     | Noticed Erica
 20326 | D:10     | Noticed an ice devil
 20335 | D:9      | HP: 1/115 [wraith (12)]
 20335 | D:9      | Slain by a wraith

Action                   |  1- 3 |  4- 6 |  7- 9 | 10-12 || total
-------------------------+-------+-------+-------+-------++-------
Melee: Unarmed           |    24 |       |       |       ||    24
       Dagger            |    24 |    65 |    19 |    34 ||   142
       Spear             |       |       |   102 |    29 ||   131
       Falchion          |       |       |     4 |       ||     4
 Fire: Hunting sling     |    21 |   107 |   167 |     8 ||   303
       Shortbow          |       |       |    26 |    52 ||    78
Throw: Stone             |    59 |     5 |     2 |       ||    66
       Javelin           |       |       |     6 |     7 ||    13
       Tomahawk          |       |       |     1 |     7 ||     8
 Cast: Flame Tongue      |    49 |    91 |   256 |   137 ||   533
       Conjure Flame     |       |       |     4 |    14 ||    18
       Call Imp          |       |       |       |     3 ||     3
Invok: Reject Sacrifices |       |       |     2 |     1 ||     3
       Renounce Religion |       |       |     1 |     1 ||     2
 Abil: Spit Poison       |       |       |       |    73 ||    73
       Evoke Invisibilit |       |       |       |     1 ||     1
  Use: Scroll            |       |       |     1 |     1 ||     2
       Potion            |       |       |       |    10 ||    10
 Stab: Sleeping          |       |       |     1 |     1 ||     2
       Invisible         |       |       |       |     3 ||     3
  Eat: Chunk             |     5 |     9 |    26 |    10 ||    50
       Bread ration      |       |       |     1 |     3 ||     4
       Pizza             |       |       |     1 |       ||     1
